 Dungeon Crawl Stone Soup version 0.20.1-1-g8b1a95d (webtiles) character file.

109 Targos the Charlatan (level 5, -11/29 HPs)
             Began as a Human Artificer on Sept 2, 2017.
             Was a Follower of Cheibriados.
             Killed from afar by a wretched star (19 damage)
             ... with an orb of energy
             ... on level 2 of the Abyss.
             The game lasted 00:17:41 (1808 turns).

Targos the Charlatan (Human Artificer)              Turns: 1808, Time: 00:17:42

Health: -11/29     AC:  6    Str: 11    XL:     5   Next: 13%
Magic:  6/6        EV:  9    Int: 10    God:    Cheibriados [*.....]
Gold:   54         SH:  0    Dex: 11    Spells: 4/4 levels left

rFire    + . .     SeeInvis .   e - +2 short sword (drain)
rCold    x . .     Gourm    .   (no shield)
rNeg     . . .     Faith    +   t - +0 scale mail
rPois    .         Spirit   .   (no helmet)
rElec    .         Reflect  .   (no cloak)
rCorr    .         Harm     .   (no gloves)
MR       .....                  (no boots)
Stlth    ..........             q - amulet of faith
Regen    0.0/turn               l - ring of fire
MPRegen  0.1/turn               (no ring)

@: non-regenerating, diseased, drained, very slow
A: [clumsy 2], [dopey 2], [frail 2], [low mp 2], [inhibited regeneration], [weak
2], [no potion heal 2], [subdued magic 2]
a: Bend Time, Renounce Religion


You were on level 2 of the Abyss.
You worshipped Cheibriados.
Cheibriados was aware of your devotion.
You were not hungry.

You visited 1 branch of the dungeon, and saw 3 of its levels.
You visited the Abyss 1 time.

You collected 54 gold pieces.

Inventory:

Hand Weapons
 e - a +2 short sword of draining (weapon)
 u - a +2 dagger of distortion
Missiles
 n - 18 bolts
Armour
 t - a +0 scale mail (worn)
Jewellery
 l - a ring of fire (left hand)
 q - an amulet of faith (around neck)
Wands
 c - a wand of flame (0/48)
 d - a wand of enslavement (13/24)
Scrolls
 g - 4 scrolls of remove curse
 h - 3 scrolls of magic mapping
 i - 3 scrolls of enchant armour
 m - 2 scrolls of fear
Potions
 o - a potion of might {unknown}
 p - 2 potions of curing
 r - a potion of agility {unknown}
 s - a potion of haste {unknown}
Comestibles
 f - 3 bread rations


   Skills:
 + Level 1.5(1.2) Fighting
 + Level 2.2(1.9) Short Blades
 + Level 1.4(1.1) Armour
 + Level 2.4(2.1) Dodging
 + Level 1.1(0.8) Stealth
 + Level 4.1(3.8) Evocations


You had 4 spell levels left.
You didn't know any spells.

Dungeon Overview and Level Annotations

Branches:
Dungeon (3/15)

Altars:
Cheibriados
Qazlal
Trog
Yredelemnul
The Shining One


Innate Abilities, Weirdness & Mutations

[You are very clumsy. (Dex -4)]
[You are very dopey. (Int -4)]
[You are very frail. (-20% HP)]
[Your magical capacity is very low. (-20% MP)]
[You do not regenerate when monsters are visible.]
[You are very weak. (Str -4)]
[Potions are poor at restoring your health.]
[Your spells are easier to cast, but less powerful.]


Message History

The wretched star glows turbulently.
The orb of energy hits you!
The wretched star pulses with an eldritch light!
Your regeneration stops near monsters.
Found 5 stones.
The wretched star pulses with an eldritch light!
You feel weaker. x2
Your system partially rejects the healing.
You feel better.
You feel yourself growing ill in the presence of the ancient zyme.
The ancient zyme hits you.
* * * LOW HITPOINT WARNING * * *
The ancient zyme barely misses you.
You feel ill.
Found a blowgun.
You feel ill.
You feel ill. x2
The wretched star glows turbulently.
The orb of energy hits you!
Ouch! That really hurt!
You die...

.. # #########)##
#.###..#...#....
#.##..##......#...
#.....@.........
#......##*#...##
.....#. #x#.#.# ♣≈#
.#..##.##....≈#≈≈≈≈
%........##..≈≈≈≈≈≈
..*..#.#. ..≈≈≈♣≈≈≈
...#x#.#...#≈≈♣ ≈ #
#.#...#.....#≈≈≈≈≈
#......#.≈≈≈≈≈≈≈≈


You could see a wretched star.

Vanquished Creatures
  Jessica (D:3)
  An adder (D:3)
  An ooze (D:3)
  3 worms
  A dart slug (D:1)
  4 leopard geckos
  2 giant cockroaches
  5 goblins
  3 hobgoblins (D:1)
  9 jackals
  A quokka (D:3)
  3 bats
  4 frilled lizards
  8 kobolds
  10 rats
56 creatures vanquished.

Vanquished Creatures (others)
  A leopard gecko (D:1)
1 creature vanquished.

Grand Total: 57 creatures vanquished

Notes
Turn   | Place    | Note
-------+----------+-------------------------------------------
     0 | D:1      | Targos the Human Artificer began the quest for the Orb.
     0 | D:1      | Reached XP level 1. HP: 15/15 MP: 3/3
     0 | D:1      | No Shields
     0 | D:1      | Crossbows
   124 | D:1      | Reached XP level 2. HP: 21/21 MP: 4/4
   727 | D:1      | Reached XP level 3. HP: 26/26 MP: 5/5
  1141 | D:2      | Found a stormy altar of Qazlal.
  1270 | D:3      | Found a snail-covered altar of Cheibriados.
  1280 | D:3      | Reached XP level 4. HP: 29/32 MP: 6/6
  1298 | D:3      | Became a worshipper of Cheibriados the Contemplative
  1393 | D:3      | Found a basalt altar of Yredelemnul.
  1398 | D:3      | Found a glowing golden altar of the Shining One.
  1407 | D:3      | Noticed Jessica
  1413 | D:3      | Killed Jessica
  1413 | D:3      | Reached skill level 1 in Armour
  1413 | D:3      | Reached skill level 4 in Evocations
  1685 | D:3      | Reached XP level 5. HP: 32/37 MP: 8/8
  1702 | D:3      | Reached * piety under Cheibriados
  1728 | D:3      | Found a bloodstained altar of Trog.
  1746 | D:3      | Cast into level 2 of the Abyss (a distortion unwield)
  1777 | Abyss:2  | Noticed an ancient zyme
  1781 | Abyss:2  | Noticed a wretched star
  1808 | Abyss:2  | Killed from afar by a wretched star

Skill      XL: |  1  2  3  4 |
---------------+-------------+-----
Short Blades   | 2 |  2.2
Armour         | 1 |  1.4
Evocations     | 4 |  4.1
Fighting       | |  1.5
Dodging        | |  2.4
Stealth        | |  1.1

Action                   |  1- 3 |  4- 6 || total
-------------------------+-------+-------++-------
Melee: Short sword       |   120 |    53 ||   173
Invok: Bend Time         |       |     1 ||     1
Evoke: Wand              |    20 |     4 ||    24
  Use: Scroll            |       |     6 ||     6
       Potion            |       |     1 ||     1
 Stab: Distracted        |     1 |       ||     1
  Eat: Fruit             |     3 |       ||     3
       Royal jelly       |       |     1 ||     1
Armor: Ring mail         |    41 |    18 ||    59
       Leather armour    |     3 |       ||     3
       Scale mail        |       |     4 ||     4
Dodge: Dodged            |    67 |    31 ||    98
